 Dungeon Crawl Stone Soup version 0.14.2 (webtiles) character file.

82 Amnesiac the Ducker (level 3, 0/18 HPs)
             Began as a Spriggan Gladiator on Feb 11, 2018.
             Slain by an adder (5 damage)
             ... on Level 2 of the Dungeon.
             The game lasted 00:02:31 (1244 turns).

Amnesiac the Ducker (Spriggan Gladiator)            Turns: 1244, Time: 00:02:31

HP   0/18        AC  2     Str 12      XL: 3   Next:  5%
MP   6/6         EV 19     Int  9      God:
Gold 52          SH  0     Dex 16      Spells:  0 memorised,  2 levels left

rFire  . . .     SeeInvis +     a - +0 quarterstaff
rCold  . . .     Clarity  .     b - +0 animal skin
rNeg   . . .     Conserve .     (shield restricted)
rPois  .         rCorr    .     c - +0 hat
rElec  .         rRot     .     (no cloak)
SustAb . .       Spirit   .     (gloves unavailable)
rMut   .         Warding  .     (boots unavailable)
Saprov . . .     Stasis   .     j - amulet of faith {unknown}
MR     .....                    (no ring)
                                (no ring)

@: lethally poisoned, very quick, not resistant to hostile enchantments,
unstealthy
A: unfitting armour, see invisible, herbivore 3, speed 3, slow metabolism 2
a: no special abilities


You were on level 2 of the Dungeon.
You were not hungry.

You visited 1 branch of the dungeon, and saw 2 of its levels.

You collected 52 gold pieces.

Inventory:

Hand weapons
 a - a +0,+0 quarterstaff (weapon)
Missiles
 d - 3 throwing nets (quivered)
Armour
 b - a +0 animal skin (worn)
 c - a +0 hat (worn)
Comestibles
 k - a bread ration
Scrolls
 g - 2 scrolls of magic mapping {!r, unknown}
 h - a scroll of teleportation {!r, unknown}
 i - a scroll of enchant weapon I {!r, unknown}
 n - a scroll of remove curse {!r, unknown}
Jewellery
 j - an amulet of faith (around neck) {unknown}
Potions
 e - a potion of porridge {!q}
 f - 2 potions of invisibility {!q, unknown}
 l - a potion of curing {!q, unknown}
 m - a potion of heal wounds {!q, unknown}
 o - 2 potions of mutation {!q, unknown}
 p - a potion of restore abilities {!q, unknown}


   Skills:
 - Level 1.5 Fighting
 + Level 3.1 Staves
 - Level 2.1 Throwing
 - Level 4.4 Dodging


You had 2 spell levels left.
You didn't know any spells.

Dungeon Overview and Level Annotations

Branches:
Dungeon (2/15)

Altars:


Innate Abilities, Weirdness & Mutations

You are tiny and cannot use many weapons and most armour.
You have supernaturally acute eyesight.
You are a herbivore.
You cover ground extremely quickly.
You need consume almost no food.


Message History

HP restored.
You climb downwards.
There is a stone staircase leading up here.
You closely miss the hobgoblin. The hobgoblin completely misses you.
You hit the hobgoblin but do no damage. The hobgoblin misses you.
You closely miss the hobgoblin. The hobgoblin hits you with a club.
You sock the hobgoblin!
You kill the hobgoblin!
You have reached level 3!
Your experience leads to an increase in your attributes!
Increase (S)trength, (I)ntelligence, or (D)exterity?
You feel stronger.
You miss the giant newt. The giant newt barely misses you.
You hit the giant newt.
You kill the giant newt!
No target in view!
Things that are here:
a giant newt corpse; a club
Things that are here:
a giant newt corpse; a club A giant newt comes into view.
A giant newt is nearby!
A giant newt is nearby!
The giant newt misses you.
You hit the giant newt.
You kill the giant newt!
No target in view!
No target in view!
You see here a giant newt corpse.
Found a runed short sword.
No target in view!
You see here a club.
You open the door.
An adder comes into view.
The adder bites you.
There is an open door here.
An adder is nearby!
You hit the adder.
The adder is lightly wounded.
The adder bites you.
* * * LOW HITPOINT WARNING * * *
The adder barely misses you.
You closely miss the adder.
The adder is lightly wounded.
The adder completely misses you.
You sock the adder!
The adder is severely wounded.
The adder closely misses you. The adder completely misses you.
You barely miss the adder.
The adder is heavily wounded.
The adder misses you.
You barely miss the adder.
The adder is heavily wounded.
The adder completely misses you. x2
You closely miss the adder.
The adder is heavily wounded.
The adder bites you but does no damage.
You miss the adder.
The adder is heavily wounded.
The adder bites you.
* * * LOW HITPOINT WARNING * * *
You are lethally poisoned!
The adder poisons you! The adder bites you.
You die...

#.# ... ##+##.#
.# #...#..#.#
+...+.#..
#.S.#...#
#.#.##@##.#.##
#............#
#.#.#.#.#.#..##
#........#....#
######...##...#
#...##)..#
#...##.###
###...##.#
#.....##)##


You could see an adder.

Vanquished Creatures
  An adder (D:2)
  A giant gecko (D:1)
  2 bats
  3 giant cockroaches
  2 goblins (D:1)
  A hobgoblin (D:2)
  4 jackals (D:1)
  4 giant newts (D:2)
  3 rats (D:1)
21 creatures vanquished.

Notes
Turn   | Place    | Note
--------------------------------------------------------------
     0 | D:1      | Amnesiac, the Spriggan Gladiator, began the quest for the Orb.
     0 | D:1      | Reached XP level 1. HP: 10/10 MP: 2/2
   239 | D:1      | Reached XP level 2. HP: 14/14 MP: 4/4
  1177 | D:2      | Reached XP level 3. HP: 14/18 MP: 6/6
  1244 | D:2      | Slain by an adder

Action                   || total
-------------------------++-------
Melee: Quarterstaff      ||    74
Throw: Throwing net      ||     1
